 Dungeon Crawl Stone Soup version 0.18-a0-1805-g8ab820f (webtiles) character file.

7819 varam the Fighter (level 11, -7/99 HPs)
             Began as a Centaur Fighter on Apr 26, 2016.
             Was an Elder of Okawaru.
             Mangled by a manticore (15 damage)
             ... on level 11 of the Dungeon.
             The game lasted 00:40:39 (13654 turns).

varam the Fighter (Centaur Fighter)                Turns: 13654, Time: 00:40:39

Health: -7/99      AC: 19    Str: 27    XL:     11   Next: 1%
Magic:  0/11       EV:  5    Int:  4    God:    Okawaru [****..]
Gold:   258        SH: 11    Dex:  8    Spells: 0 memorised, 10 levels left

rFire  . . .     SeeInvis .     J - +1 whip (elec)
rCold  x . .     Gourm    .     D - +3 scale mail of Ymaroufeg {rC- rN++ rCorr Int+3}
rNeg   + + .     Faith    .     c - +0 shield
rPois  .         Spirit   +     o - +2 hat
rElec  .         Dismiss  .     (no cloak)
rCorr  +         Reflect  .     l - +0 pair of gloves
SustAt .         Harm     .     h - +0 centaur barding
MR     .....                    x - amulet of guardian spirit
Stlth  ..........               P - +4 ring of strength
                                O - -6 ring of intelligence (curse)

@: very quick, not resistant to hostile enchantments, extremely unstealthy
A: hooves 3, deformed body, speed 2, tough skin 3
a: Heroism, Renounce Religion


You were on level 11 of the Dungeon.
You worshipped Okawaru.
Okawaru was greatly pleased with you.
You were full.

You visited 2 branches of the dungeon, and saw 12 of its levels.

You collected 582 gold pieces.
You spent 324 gold pieces at shops.

Inventory:

Hand Weapons
 a - a +0 trident
 y - the +2 hand axe of Vaatax {flame, rPois}
   (You found it on level 4 of the Dungeon)

   It has been specially enchanted to burn those struck by it, causing extra
   injury to most foes and up to half again as much damage against particularly
   susceptible opponents.
   Big, fiery blades are also staple armaments of hydra-hunters.
   It protects you from poison.
 H - the +4 war axe "Etagh" {flame, MR+ Dex+3, unknown}
   (You found it on level 10 of the Dungeon)

   It has been specially enchanted to burn those struck by it, causing extra
   injury to most foes and up to half again as much damage against particularly
   susceptible opponents.
   Big, fiery blades are also staple armaments of hydra-hunters.
   It affects your dexterity (+3).
   It affects your resistance to hostile enchantments.
 J - a +1 whip of electrocution (weapon)
 M - a -3 trident
Armour
 b - a +0 scale mail
 c - a +0 shield (worn)
 h - a +0 centaur barding (worn)
 l - a +0 pair of gloves (worn)
 o - a +2 hat (worn)
 D - the +3 scale mail of Ymaroufeg (worn) {rC- rN++ rCorr Int+3}
   (You found it on level 6 of the Dungeon)

   It affects your intelligence (+3).
   It makes you vulnerable to cold.
   It greatly protects you from negative energy.
   It protects you from acid and corrosion.
 Q - a +0 ring mail of cold resistance
Jewellery
 u - an uncursed ring of teleportation
 x - an amulet of guardian spirit (around neck)
 L - an uncursed ring of protection from magic
 O - a cursed -6 ring of intelligence (left hand)
 P - a +4 ring of strength (right hand)
Wands
 F - a wand of slowing (18/48)
Scrolls
 e - 4 scrolls of enchant armour
 j - 5 scrolls of teleportation
 n - 2 scrolls of fog
 q - 2 scrolls of magic mapping
 r - 2 scrolls of noise
 A - a scroll of enchant weapon
 C - 2 scrolls of immolation
 E - 6 scrolls of identify
 N - a scroll of random uselessness {unknown}
 R - a scroll of amnesia {unknown}
Potions
 d - 4 potions of might
 i - 6 potions of haste
 k - a potion of ambrosia {unknown}
 m - 2 potions of invisibility
 p - a potion of magic {unknown}
 s - a potion of heal wounds {unknown}
 t - 5 potions of curing
 v - 2 potions of berserk rage {unknown}
 w - 2 potions of brilliance
 z - 2 potions of lignification {unknown}
 G - 2 potions of degeneration {unknown}
 K - a potion of flight {unknown}
Comestibles
 f - 6 bread rations
 g - 5 fruits
 B - 5 meat rations
 I - 6 beef jerkies


   Skills:
 + Level 10.0 Fighting
 * Level 5.1 Maces & Flails
 - Level 4.2 Polearms
 + Level 7.0 Armour
 + Level 6.9 Shields


You had 10 spell levels left.
You didn't know any spells.

Dungeon Overview and Level Annotations

Branches:
Dungeon (11/15)            Temple (1/1) D:7            Lair (0/8) D:8
    Orc: D:9-12

Altars:
Ashenzari
Cheibriados
Elyvilon
Fedhas
Gozag
Kikubaaqudgha
Makhleb
Nemelex Xobeh
Okawaru
Pakellas
Ru
Sif Muna
Vehumet
Xom
Yredelemnul
Zin
The Shining One

Shops:
D:7 (   D:9 =

Annotations:
D:4 Mefis's ghost, amateur DEWz
D:8 st0uf's ghost, novice MiFi


Innate Abilities, Weirdness & Mutations

You have hooves in place of feet.
Armour fits poorly on your strangely shaped body.
You cover ground very quickly.
You have extremely tough skin (AC +3).


Message History

You are too injured to fight recklessly!
Your shield prevents you from hitting the manticore.
You kick the manticore.
The manticore is moderately wounded.
The manticore barely misses you. The manticore claws you!
* * * LOW HITPOINT WARNING * * *
You block the manticore's attack.
You hit the manticore.
There is a sudden explosion of sparks!
You kick the manticore.
The manticore is severely wounded.
The manticore bites you!
* * * LOW HITPOINT WARNING * * *
You block the manticore's attack.
The manticore claws you but does no damage.
You barely miss the manticore.
The manticore is severely wounded.
You hit the manticore.
There is a sudden explosion of sparks!
The manticore is almost dead.
The manticore bites you!!
You die...

# .. '. .#
##### ##'#
#...###...#
#...).@H.>#
..
#.........#
...
#.........#
...
#...###...#
###' #...#
...#
..###...
#.... .....
.........
#....
......
...[.....
#... ......
.........
.........


You could see a manticore.

Vanquished Creatures
  A centaur warrior (D:9)
  An ugly thing (D:11)
  2 cyclopes (D:11)
  A manticore (D:11)
  A centaur skeleton (D:10)
  A two-headed ogre (D:11)
  The ghost of bollicks1999 the Sneak, an amateur OpAs (D:3)
  2 ice beasts
  3 orc warriors
  2 black bears (D:9)
  3 sky beasts
  5 ogres
  7 centaurs
  5 giant frogs
  10 big kobolds (D:8)
  6 scorpions
  A vampire bat (D:6)
  2 howler monkeys
  5 crimson imps
  3 centaur zombies
  2 hounds
  A giant frog zombie (D:7)
  10 orc priests
  3 jellies
  11 orc wizards
  An iguana (D:11)
  14 worker ants
  A worker ant zombie (D:5)
  A howler monkey skeleton (D:3)
  6 adders
  4 shadow imps
  2 oozes
  An adder zombie (D:8)
  2 worms (D:4)
  2 dart slugs
  7 giant geckos
  43 orcs
  7 giant cockroaches
  9 goblins
  7 hobgoblins
  10 jackals
  12 kobolds
  4 quokkas
  A ball python (D:7)
  17 bats
  4 giant newts
  14 rats
258 creatures vanquished.

Notes
Turn   | Place    | Note
--------------------------------------------------------------
     0 | D:1      | varam the Centaur Fighter began the quest for the Orb.
     0 | D:1      | Reached XP level 1. HP: 19/19 MP: 1/1
   107 | D:1      | Reached XP level 2. HP: 26/26 MP: 2/2
   749 | D:1      | Reached XP level 3. HP: 31/31 MP: 3/3
  1935 | D:2      | Reached skill level 4 in Fighting
  2137 | D:3      | Reached XP level 4. HP: 37/40 MP: 4/4
  2301 | D:3      | Noticed bollicks1999's ghost (amateur OpAs)
  2534 | D:3      | Reached XP level 5. HP: 13/47 MP: 5/5
  2937 | D:3      | Killed bollicks1999's ghost
  2937 | D:3      | Reached skill level 5 in Fighting
  2937 | D:3      | Reached XP level 6. HP: 47/56 MP: 6/6
  3326 | D:3      | Found a white marble altar of Elyvilon.
  4454 | D:4      | Reached XP level 7. HP: 62/62 MP: 7/7
  4993 | D:4      | Reached skill level 6 in Fighting
  5166 | D:4      | Noticed Mefis's ghost (amateur DEWz)
  5777 | D:4      | Got a bloodstained hand axe
  5778 | D:4      | Identified the cursed +2 hand axe of Vaatax {flame, rPois} (You found it on level 4 of the Dungeon)
  5928 | D:5      | Entered Level 5 of the Dungeon
  5977 | D:5      | Found a snail-covered altar of Cheibriados.
  6556 | D:5      | Reached XP level 8. HP: 71/71 MP: 8/8
  6776 | D:6      | Reached skill level 7 in Fighting
  6952 | D:6      | Got a crude scale mail
  6999 | D:6      | Identified the +3 scale mail of Ymaroufeg {rC- rN++ rCorr Int+3} (You found it on level 6 of the Dungeon)
  8572 | D:6      | Reached XP level 9. HP: 81/81 MP: 9/9
  8592 | D:6      | Reached skill level 8 in Fighting
  8592 | D:6      | Reached skill level 5 in Shields
  8693 | D:6      | Reached skill level 5 in Armour
  9135 | D:7      | Found a staircase to the Ecumenical Temple.
  9144 | Temple   | Entered the Ecumenical Temple
  9206 | Temple   | Became a worshipper of Warmaster Okawaru
  9603 | D:7      | Found Goipt's Weapon Emporium.
 10203 | D:8      | Noticed st0uf's ghost (novice MiFi)
 10290 | D:8      | Found a staircase to the Lair.
 10767 | D:8      | Reached * piety under Okawaru
 10767 | D:8      | Reached skill level 9 in Fighting
 10964 | D:9      | Reached XP level 10. HP: 87/91 MP: 8/10
 10999 | D:9      | Noticed a centaur warrior
 11026 | D:9      | Killed a centaur warrior
 11026 | D:9      | Reached ** piety under Okawaru
 11628 | D:9      | Found a sparkling altar of Nemelex Xobeh.
 11628 | D:9      | Found a sacrificial altar of Ru.
 11632 | D:9      | Found a radiant altar of Vehumet.
 11638 | D:9      | Found an ancient bone altar of Kikubaaqudgha.
 11747 | D:9      | Found Gire's Jewellery Shoppe.
 11755 | D:9      | Bought a +4 ring of strength for 324 gold pieces
 11825 | D:9      | Found a basalt altar of Yredelemnul.
 11825 | D:9      | Found an opulent altar of Gozag.
 11861 | D:10     | Entered Level 10 of the Dungeon
 11869 | D:10     | Noticed a gargoyle
 12315 | D:10     | Reached *** piety under Okawaru
 12407 | D:10     | Got a slimy war axe
 12955 | D:11     | Noticed a brown ugly thing
 12973 | D:11     | Killed a brown ugly thing
 13278 | D:11     | Noticed a manticore
 13301 | D:11     | Noticed a manticore
 13310 | D:11     | Noticed a cyclops
 13312 | D:11     | Killed a manticore
 13494 | D:11     | Noticed a cyclops
 13511 | D:11     | Killed a cyclops
 13511 | D:11     | Reached **** piety under Okawaru
 13511 | D:11     | Reached skill level 10 in Fighting
 13531 | D:11     | Killed a cyclops
 13531 | D:11     | Reached skill level 5 in Maces & Flails
 13553 | D:11     | Reached XP level 11. HP: 22/99 MP: 4/11
 13654 | D:11     | Mangled by a manticore

Vault maps used:
D:1:      minmay_arrival_cross
D:2:      grunt_ministairs_10
D:3:      glass_columns_a, elyvilon_altar_5
D:4:      first_bread
D:5:      basic_altar
D:6:      roderic_batcave
D:7:      minmay_temple_entry_purple_smoke, serial_shops, shop
D:8:      lair_0_dummy, special_room, minmay_misc_feat_chi
D:9:      minitemple, amethyst_overflow_temple_binary, serial_shops, shop
Temple:   water_room_temple_a_12

Skill      XL: |  1  2  3  4  5  6  7  8  9 10 |
---------------+-------------------------------+-----
Polearms       | 2 3 4 |  4.2
Fighting       | 4 5 6 7 9 10 | 10.0
Shields        | 3 4 6 |  6.9
Armour         | 3 4 6 7 |  7.0
Maces & Flails | 5 |  5.1

Action                   |  1- 3 |  4- 6 |  7- 9 | 10-12 || total
-------------------------+-------+-------+-------+-------++-------
Melee: Trident           |   144 |   204 |   107 |       ||   455
       Kick              |    19 |    22 |   166 |    86 ||   293
       Hand axe          |       |       |   527 |    38 ||   565
       Whip              |       |       |       |   212 ||   212
  Use: Scroll            |       |     7 |     4 |     3 ||    14
       Potion            |       |       |       |     1 ||     1
  Eat: Chunk             |     3 |     1 |     8 |     2 ||    14
       Meat ration       |       |     1 |     2 |       ||     3
       Pizza             |       |       |     2 |       ||     2
       Bread ration      |       |       |       |     2 ||     2
       Beef jerky        |       |       |       |     1 ||     1
Armor: Scale mail        |    63 |    61 |   401 |   103 ||   628
Dodge: Dodged            |    23 |    34 |    69 |    32 ||   158
Block: Shield            |    32 |    64 |   303 |    90 ||   489
